 Dungeon Crawl Stone Soup version 0.14.1-18-g0856e53 (webtiles) character file.

2466 Konstanin the Bolt Thrower (level 9, -1/74 HPs)
             Began as a Centaur Wanderer on June 2, 2014.
             Was an Initiate of Yredelemnul.
             Slain by an orc warrior
             ... wielding a +0,+0 trident of protection
              (19 damage)
             ... on Level 7 of the Dungeon on June 3, 2014.
             The game lasted 02:00:23 (10220 turns).

Konstanin the Bolt Thrower (Centaur Wanderer)      Turns: 10220, Time: 02:00:24

HP  -1/74        AC  4     Str 17      XL: 9   Next: 10%
MP  13/13        EV  8     Int 11      God: Yredelemnul [......]
Gold 311         SH  0     Dex 10      Spells:  0 memorised,  8 levels left

rFire  . . .     SeeInvis .     b - +0 crossbow
rCold  + . .     Clarity  .     d - -2 ring mail of Grao {+Blink rPois Acc+5}
rNeg   . . .     Conserve .     (no shield)
rPois  +         rCorr    .     e - +0 hat
rElec  .         rRot     .     (no cloak)
SustAb + .       Spirit   .     (no gloves)
rMut   .         Warding  .     (no barding)
Saprov . . .     Stasis   .     (no amulet)
MR     .....                    F - ring of protection from cold
                                p - ring of sustain abilities

@: very quick, not resistant to hostile enchantments, extremely unstealthy
A: hooves 3, deformed body, herbivore 1, speed 2, fast metabolism 1, tough skin
3
a: Renounce Religion, Evoke Blink


You were on level 7 of the Dungeon.
You worshipped Yredelemnul.
Yredelemnul was noncommittal.
You were hungry.

You visited 2 branches of the dungeon, and saw 9 of its levels.

You collected 311 gold pieces.

Inventory:

Hand weapons
 b - a +0,+0 crossbow (weapon)
 l - a +2,+2 dagger of venom
 m - a +0,+0 bow
Missiles
 f - 15 darts of dispersal
 n - 81 arrows
 x - 16 bolts (quivered)
Armour
 d - the cursed -2 ring mail of Grao (worn) {+Blink rPois Acc+5}
   (You found it on level 5 of the Dungeon)

   It affects your accuracy with ranged weapons and melee attacks (+5).
   It protects you from poison.
   It lets you blink.
   It has a curse placed upon it.
 e - a +0 hat (worn)
 g - a +0 chain mail
 k - a +0 chain mail
 t - a cursed +0 leather armour
 B - a +0 chain mail
Magical devices
 v - a wand of digging (6)
 z - a wand of fireball (1)
 C - a wand of lightning (6)
Comestibles
 j - 2 bread rations
 o - a rotting chunk of giant slug flesh
 u - an apple
 D - a chunk of iguana flesh
 J - a meat ration
Scrolls
 a - a scroll of enchant weapon III {unknown}
 c - a scroll of random uselessness
 i - a scroll of identify
 y - 2 scrolls of fear {unknown}
 E - a scroll of silence {unknown}
 H - a scroll of remove curse
Jewellery
 p - a ring of sustain abilities (left hand)
 F - a ring of protection from cold (right hand)
Potions
 h - a potion of agility
 q - 2 potions of restore abilities
 s - a potion of berserk rage
 w - a potion of curing
 A - a potion of confusion {unknown}
 G - a potion of haste


   Skills:
 + Level 5.1 Fighting
 + Level 3.3 Short Blades
 + Level 7.1 Bows
 * Level 7.5 Crossbows
 + Level 3.8 Armour
 - Level 1.0 Invocations
 + Level 4.0 Evocations


You had 8 spell levels left.
You didn't know any spells.

Dungeon Overview and Level Annotations

Branches:
Dungeon (8/15)             Temple (1/1) D:7            Lair (0/8) D:8

Altars:
Ashenzari
Cheibriados
Dithmenos
Elyvilon
Fedhas
Kikubaaqudgha
Makhleb
Nemelex Xobeh
Okawaru
Sif Muna
Trog
Vehumet
Xom
Yredelemnul
Zin
The Shining One


Innate Abilities, Weirdness & Mutations

You have hooves in place of feet.
Armour fits poorly on your strangely shaped body.
You digest meat inefficiently.
You cover ground very quickly.
You have a fast metabolism.
You have extremely tough skin (AC +3).


Message History

Aim: an orc warrior, wielding a runed trident and wearing a chain mail (heavily wounded)
You shoot a bolt. The bolt hits the orc warrior.
The orc warrior is heavily wounded.
Firing (i - inventory. (,) - cycle):
x - 19 bolts (quivered)
Press: ? - help, Shift-Dir - straight line, f/p - orc warrior
Aim: an orc warrior, wielding a runed trident and wearing a chain mail (heavily wounded)
You shoot a bolt. The bolt misses the orc warrior.
Firing (i - inventory. (,) - cycle):
x - 18 bolts (quivered)
Press: ? - help, Shift-Dir - straight line, f/p - orc warrior
Aim: an orc warrior, wielding a runed trident and wearing a chain mail (moderately wounded)
You shoot a bolt. The bolt hits the orc warrior.
The orc warrior is heavily wounded.
Firing (i - inventory. (,) - cycle):
x - 17 bolts (quivered)
Press: ? - help, Shift-Dir - straight line, f/p - orc warrior
Aim: an orc warrior, wielding a runed trident and wearing a chain mail (heavily wounded)
You shoot a bolt. The bolt hits the orc warrior.
The orc warrior is heavily wounded.
The orc warrior hits you from afar with a runed trident!
You die...
Your body rises from the dead as a mindless zombie.

#.# #.....##.......
###.# ##.....##.####.#
#...####......##.##....
#..(...#.####.##.#.....
#......#.####.##.#.....
#..........##........_.
#...o..........#.#.....
##........#.##....#.....
#......@........#.##....
#.#......##.......####.#
#........#####.##.......
###....).#####.#####.##.
##...#.......# #.##.
############# #....
##... #... #..[


You could see an orc warrior.

Vanquished Creatures
  Eustachio (D:4)
  A hippogriff (D:7)
  A phantom (D:5)
  An ice beast (D:6)
  A black bear (D:6)
  3 ogres (D:6)
  A crocodile (D:8)
  3 giant frogs
  A giant slug (D:8)
  Blork the orc (D:5)
  6 crimson imps
  A jelly (D:5)
  3 hounds
  Crazy Yiuf (D:4)
  A two-headed ogre skeleton (D:3)
  4 iguanas
  An orc wizard (D:7)
  7 worker ants
  4 gnolls (D:2)
  9 adders
  A giant mite (D:4)
  2 shadow imps (D:6)
  A worm (D:5)
  2 giant eyeballs
  4 giant geckos
  An ooze (D:4)
  20 orcs
  15 bats
  5 giant cockroaches
  9 hobgoblins
  3 jackals (D:4)
  A ball python (D:4)
  5 giant newts
  10 goblins
  A hobgoblin skeleton (D:6)
  A jackal skeleton (D:5)
  9 kobolds
  An orc skeleton (D:4)
  4 quokkas
  8 rats
  A rat skeleton (D:4)
  A bush (D:2)
156 creatures vanquished.

Notes
Turn   | Place    | Note
--------------------------------------------------------------
     0 | D:1      | Konstanin, the Centaur Wanderer, began the quest for the Orb.
     0 | D:1      | Reached XP level 1. HP: 19/19 MP: 1/1
   216 | D:1      | Reached XP level 2. HP: 26/26 MP: 2/2
  1416 | D:2      | Reached XP level 3. HP: 25/31 MP: 3/3
  1859 | D:2      | Reached XP level 4. HP: 20/38 MP: 3/3
  2161 | D:2      | Reached skill level 4 in Crossbows
  3275 | D:3      | Reached XP level 5. HP: 45/45 MP: 4/4
  3443 | D:3      | Noticed a giant frog
  3549 | D:3      | Killed a giant frog
  3549 | D:3      | Reached skill level 1 in Short Blades
  4310 | D:3      | Reached XP level 6. HP: 37/51 MP: 6/6
  5091 | D:4      | Noticed Eustachio
  5618 | D:4      | Found a bloodstained altar of Trog.
  6093 | D:4      | Noticed Crazy Yiuf
  6139 | D:4      | Killed Crazy Yiuf
  6209 | D:4      | Reached skill level 5 in Bows
  6421 | D:4      | Reached XP level 7. HP: 46/57 MP: 6/6
  6553 | D:4      | Killed Eustachio
  6553 | D:4      | Reached skill level 5 in Crossbows
  6693 | D:4      | Paralysed by a giant eyeball for 3 turns
  6745 | D:4      | Found a glowing golden altar of the Shining One.
  6886 | D:5      | Entered Level 5 of the Dungeon
  6890 | D:5      | Got a smoking ring mail
  6905 | D:5      | Identified the cursed -2 ring mail of Grao {+Blink rPois Acc+5} (You found it on level 5 of the Dungeon)
  7058 | D:5      | Noticed Blork the orc
  7650 | D:5      | Killed Blork the orc
  7650 | D:5      | Reached skill level 6 in Bows
  7917 | D:5      | Gained mutation: You are partially covered in molten scales (AC +1). [potion of mutation]
  7917 | D:5      | Gained mutation: Your muscles are strong. (Str +2) [potion of mutation]
  7917 | D:5      | Gained mutation: You are frail (-10% HP). [potion of mutation]
  7918 | D:5      | Lost mutation: Your muscles are strong. (Str +2) [potion of cure mutation]
  7918 | D:5      | Lost mutation: You are partially covered in molten scales (AC +1). [potion of cure mutation]
  7918 | D:5      | Lost mutation: You are frail (-10% HP). [potion of cure mutation]
  8102 | D:5      | Reached XP level 8. HP: 49/66 MP: 9/9
  9173 | D:7      | Reached skill level 5 in Fighting
  9173 | D:7      | Reached skill level 7 in Crossbows
  9288 | D:7      | Found a snail-covered altar of Cheibriados.
  9398 | D:7      | Paralysed by a giant eyeball for 3 turns
  9660 | D:7      | Found a staircase to the Ecumenical Temple.
  9670 | Temple   | Entered the Ecumenical Temple
  9693 | Temple   | Became a worshipper of Yredelemnul the Dark
  9860 | D:8      | Reached XP level 9. HP: 74/74 MP: 12/12
  9947 | D:8      | Found a staircase to the Lair.
 10220 | D:7      | Slain by an orc warrior

Action                   |  1- 3 |  4- 6 |  7- 9 || total
-------------------------+-------+-------+-------++-------
Melee: Crossbow          |    59 |     4 |       ||    63
       Dagger            |       |   167 |    61 ||   228
 Fire: Crossbow          |    89 |    51 |   168 ||   308
       Bow               |       |    89 |    22 ||   111
Throw: Stone             |       |     5 |       ||     5
       Dart              |       |       |     2 ||     2
 Abil: Evoke Blink       |       |       |     5 ||     5
Evoke: Wand              |       |     1 |     5 ||     6
  Use: Potion            |       |     4 |     6 ||    10
       Scroll            |       |     5 |     5 ||    10
